 Dungeon Crawl Stone Soup version 0.16-a0-3992-g631dd12 (webtiles) character file.

319 kudryavka the Slasher (level 6, 0/39 HPs)
             Began as a Halfling Skald on Feb 12, 2015.
             Succumbed to a worker ant's poison
             ... on level 4 of the Dungeon.
             The game lasted 00:16:32 (4082 turns).

kudryavka the Slasher (Halfling Skald)              Turns: 4082, Time: 00:16:32

Health: 0/39       AC:  6    Str: 12    XL:     6   Next: 74%
Magic:  9/9        EV: 13    Int: 11    God:
Gold:   124        SH:  0    Dex: 16    Spells: 3 memorised, 3 levels left

rFire  + . .     SeeInvis +     a - +0 falchion
rCold  . . .     Clarity  .     b - +0 leather armour
rNeg   . . .     SustAb   .     (no shield)
rPois  .         Gourm    .     (no helmet)
rElec  .         Spirit   .     (no cloak)
rCorr  .         Warding  .     j - +1 pair of gloves
rMut   .         Stasis   .     k - +0 pair of boots
MR     .....                    (no amulet)
Stlth  +.........               l - ring of protection from fire
                                n - ring of see invisible

@: lethally poisoned (0 -> -7), very slightly contaminated, hasted, very quick,
not resistant to hostile enchantments, very unstealthy
A: mutation resistance 1
a: no special abilities


You were on level 4 of the Dungeon.
You were not hungry.

You visited 1 branch of the dungeon, and saw 4 of its levels.

You collected 124 gold pieces.

Inventory:

Hand weapons
 a - a +0 falchion (weapon)
 h - a +0 hunting sling
Missiles
 g - 55 stones (quivered)
Armour
 b - a +0 leather armour (worn)
 j - a +1 pair of gloves (worn)
 k - a +0 pair of boots (worn)
Jewellery
 l - a ring of protection from fire (right hand)
 n - a ring of see invisible (left hand)
 q - a -5 ring of intelligence
Magical devices
 s - a wand of digging (8)
Scrolls
 i - 2 scrolls of enchant armour
Potions
 m - 2 potions of restore abilities
Books
 c - a book of Battle

   Spells                             Type                      Level
   a - Infusion                       Charms                       1
   b - Shroud of Golubria             Charms/Translocation         2
   c - Song of Slaying                Charms                       2
   d - Spectral Weapon                Hexes/Charms                 3
   e - Regeneration                   Charms/Necromancy            3
Comestibles
 d - 4 bread rations
 f - 2 slices of pizza
 o - a meat ration
 p - 2 chunks of flesh


   Skills:
 - Level 1.7 Fighting
 * Level 5.7 Long Blades
 - Level 1.1 Armour
 - Level 1.1 Dodging
 - Level 1.5 Spellcasting
 + Level 4.8 Charms


You had 3 spell levels left.
You knew the following spells:

 Your Spells              Type           Power        Failure   Level  Hunger
a - Infusion              Chrm           ##....       8%          1    ##.....
b - Song of Slaying       Chrm           ##......     10%         2    ###....
c - Shroud of Golubria    Chrm/Tloc      #.........   24%         2    ###....


Dungeon Overview and Level Annotations

Branches:
Dungeon (4/15)
 Temple: D:4-7

Altars:


Innate Abilities, Weirdness & Mutations

You are small and have problems with some larger weapons.
You are somewhat resistant to further mutation.


Message History

You hit the worker ant.
You kill the worker ant!
* * * LOW HITPOINT WARNING * * *
You feel sick.
You see here a worker ant corpse.
You butcher the worker ant corpse.
You see here 3 chunks of flesh.
p - 3 chunks of flesh
* * * LOW HITPOINT WARNING * * *
You feel sick.
Read which item? (? for menu, Esc to quit)
Okay, then.
Eat one of 3 chunks of flesh? (ye/n/q/i?) This raw flesh tastes terrible.
* * * LOW HITPOINT WARNING * * *
You feel sick.
You continue eating. x2
* * * LOW HITPOINT WARNING * * *
You feel sick.
You die...

#########
#....=..# #
#.......#
.###.#.......#
........@....#
#..#.........#
#....##..####
##........#
##....#..#
##.###..####
#.###.....#
#.........# ≈#
#≈≈≈
#.........#


There were no monsters in sight!

Vanquished Creatures
  The ghost of kudryavka the Chucker, an average HaTm of Cheibriados (D:3)
  A scorpion (D:4)
  A worker ant (D:4)
  9 adders
  A giant mite (D:4)
  A shadow imp (D:3)
  2 worms (D:2)
  An ooze (D:3)
  8 orcs (D:3)
  A ball python (D:3)
  7 goblins
  7 hobgoblins
  11 jackals
  3 kobolds (D:1)
  6 bats
  A giant cockroach (D:3)
  A giant newt (D:3)
  4 rats
66 creatures vanquished.

Notes
Turn   | Place    | Note
--------------------------------------------------------------
     0 | D:1      | kudryavka, the Halfling Skald, began the quest for the Orb.
     0 | D:1      | Reached XP level 1. HP: 14/14 MP: 2/2
   362 | D:1      | Reached XP level 2. HP: 13/19 MP: 3/3
  1101 | D:2      | Reached XP level 3. HP: 24/24 MP: 5/5
  1152 | D:2      | Learned a level 2 spell: Song of Slaying
  1155 | D:2      | Learned a level 2 spell: Shroud of Golubria
  1721 | D:2      | Reached XP level 4. HP: 16/29 MP: 0/6
  1933 | D:2      | Reached skill level 4 in Long Blades
  2648 | D:3      | Reached XP level 5. HP: 31/34 MP: 7/7
  2692 | D:3      | Noticed kudryavka's ghost (average HaTm)
  2886 | D:3      | Killed kudryavka's ghost
  3196 | D:3      | Reached skill level 5 in Long Blades
  3295 | D:3      | Reached XP level 6. HP: 39/39 MP: 9/9
  4080 | D:4      | HP: 1/39 [poisoned by a worker ant]
  4082 | D:4      | Succumbed to a worker ant's poison

Action                   |  1- 3 |  4- 6 || total
-------------------------+-------+-------++-------
Melee: Falchion          |    95 |   216 ||   311
 Fire: Hunting sling     |     3 |    31 ||    34
Throw: Stone             |    22 |     2 ||    24
 Cast: Infusion          |     3 |     6 ||     9
  Use: Potion            |     1 |     3 ||     4
       Scroll            |       |     9 ||     9
 Stab: Sleeping          |     1 |     2 ||     3
  Eat: Chunk             |     2 |     9 ||    11
